 Dungeon Crawl Stone Soup version 0.17-a0-2148-g9c1f372 (webtiles) character file.

638517 Geeful the Wrestler (level 27, -17/287 HPs)
             Began as a Troll Monk on Oct 20, 2015.
             Was a High Priest of Ru.
             Demolished by an azure jelly (31 damage)
             ... created by the royal jelly
             ... on level 6 of the Pits of Slime on Oct 24, 2015.
             The game lasted 07:19:56 (73212 turns).

Geeful the Wrestler (Troll Monk)                   Turns: 73212, Time: 07:19:56

Health: -17/287    AC: 17    Str: 28    XL:     27
Magic:  0/29       EV: 21    Int:  4    God:    Ru [*****.]
Gold:   3216       SH:  0    Dex: 21    Spells: 7 memorised, 26 levels left

rFire  + . .     SeeInvis +       - Unarmed
rCold  . . .     Clarity  .     i - +4 moon troll leather armour {Spirit, Regen++ MP+5}
rNeg   + + .     SustAt   .     (no shield)
rPois  +         Gourm    +     T - +2 hat {SInv}
rElec  .         Spirit   +     t - +2 cloak {MR+}
rCorr  +         Warding  .     (gloves unavailable)
rMut   .         Stasis   .     (boots unavailable)
MR     +++++                    q - amulet "Hisko" {rCorr *Drain rF+ rN+ MR+}
Stlth  ..........               S - ring "Tigoty" {rPois rN+ MR+ AC+5 Dex+5}
                                M - +5 ring of slaying

@: exhausted, stone skin, no potions, corroded equipment, no scrolls, almost
entirely resistant to hostile enchantments, extremely unstealthy
A: unfitting armour, claws 3, dopey 1, fast metabolism 3, gourmand, low mp 2,
regeneration 2, shaggy fur 1, tough skin 2, weak 2, subdued magic 1, inability
to drink while threatened, inability to read while threatened, no stealth, no
conjurations magic, no ice magic, no transmutations magic, disrupted magic 1
a: Sacrifice Essence, Sacrifice Purity, Sacrifice an Eye, Reject Sacrifices,
Draw Out Power, Power Leap, Apocalypse, Renounce Religion
}: 3/15 runes: barnacled, silver, gossamer


You were on level 6 of the Pits of Slime.
You worshipped Ru.
Ru was extremely pleased with you.
You were not hungry.

You visited 11 branches of the dungeon, and saw 57 of its levels.
You visited the Abyss 2 times.
You visited 1 bazaar.
You visited 1 ziggurat, and saw 10 of its levels.
You also visited: Labyrinth and Volcano.

You collected 7541 gold pieces.
You spent 4207 gold pieces at shops.

Inventory:

Missiles
 m - 5 throwing nets
 P - 137 large rocks (quivered)
Armour
 i - the +4 moon troll leather armour (worn) {Spirit, Regen++ MP+5}
   (You took it off a yaktaur on level 5 of the Vaults)

   It affects your magic capacity (+5).
   It increases your rate of regeneration.
 t - a +2 cloak of magic resistance (worn)
 y - the +4 pearl dragon armour "Tyiluqal" {rN+ Dex+3}
   (You found it on level 3 of a ziggurat)

   It affects your dexterity (+3).
   It protects you from negative energy.
 T - a +2 hat of see invisible (worn)
 V - a +2 robe of fire resistance
Jewellery
 o - the macabre finger necklace {Ward rN+}
   (You took it off a deep elf knight on level 1 of the Vaults)

   [amulet of warding]

   It may prevent the melee attacks of summoned creatures.
   It protects you from negative energy.
 q - the amulet "Hisko" (around neck) {rCorr *Drain rF+ rN+ MR+}
   (You took it off a deep elf annihilator on level 5 of the Vaults)

   [amulet of resist corrosion]

   It protects you from acid and corrosion.
   It protects you from fire.
   It protects you from negative energy.
   It affects your resistance to hostile enchantments.
   It causes draining when unequipped.
 w - the ring of Robustness {AC+8}
   (You found it on level 2 of the Vaults)

   [ring of protection]

   It affects your AC (+8).
 B - a +4 ring of slaying
 D - the amulet of the Solstice {Spirit rElec rF+ MR+}
   (You took it off a deep elf knight on level 3 of the Elven Halls)

   [amulet of guardian spirit]

   It causes incoming damage to be split between your health and magic.
   It protects you from fire.
   It insulates you from electricity.
   It affects your resistance to hostile enchantments.
 F - an uncursed ring of see invisible
 G - an uncursed ring of protection from cold
 I - the ring of the Burgomaster {+Blink MR++ MP+9 Str+2 Int-4}
   (You found it on level 6 of a ziggurat)

   [ring of strength]

   It affects your strength (+2).
   It affects your intelligence (-4).
   It affects your resistance to hostile enchantments.
   It affects your magic capacity (+9).
   It lets you blink.
 J - an uncursed ring of sustain attributes
 M - a +5 ring of slaying (left claw)
 N - an uncursed ring of protection from fire
 R - an uncursed ring of flight
 S - the ring "Tigoty" (right claw) {rPois rN+ MR+ AC+5 Dex+5}
   (You bought it in a shop on level 4 of the Vaults)

   [ring of protection]

   It affects your AC (+5).
   It affects your dexterity (+5).
   It protects you from poison.
   It protects you from negative energy.
   It affects your resistance to hostile enchantments.
Wands
 b - a wand of digging (9)
 r - a wand of teleportation (5)
 s - a wand of invisibility (4)
 v - a wand of hasting (8)
 K - a wand of teleportation (2)
Scrolls
 e - 24 scrolls of remove curse
 l - 6 scrolls of magic mapping
 n - 5 scrolls of blinking
 p - 2 scrolls of summoning
 C - a scroll of enchant armour
 L - 9 scrolls of identify
 O - 3 scrolls of holy word
 U - 4 scrolls of recharging
Potions
 f - 2 potions of cancellation
 g - 3 potions of cure mutation
 j - a potion of heal wounds
 u - a potion of magic
 x - 18 potions of curing
 z - 6 potions of agility
 W - 5 potions of resistance
Miscellaneous
 Q - an ornate deck of defence {drawn: 5}
 Y - a legendary deck of defence {drawn: 1}
Comestibles
 c - 36 fruits
 h - 25 bread rations
 k - 28 meat rations
 H - 16 royal jellies


   Skills:
 + Level 19.0 Fighting
 - Level 19.0 Throwing
 + Level 9.2 Armour
 + Level 19.0 Dodging
 + Level 25.0 Unarmed Combat
 - Level 5.6 Spellcasting
 - Level 5.7 Charms


You had 26 spell levels left.
You knew the following spells:

 Your Spells              Type           Power        Failure   Level  Hunger
a - Repel Missiles        Chrm/Air       #.....       16%         2    ###....
b - Summon Butterflies    Summ           #.......     34%         1    ##.....
c - Apportation           Tloc           #.........   34%         1    ##.....
d - Blink                 Tloc           N/A          61%         2    ###....
e - Beastly Appendage     Trmt           #.....       34%         1    ##.....
f - Shroud of Golubria    Chrm/Tloc      #.........   16%         2    ###....
g - Song of Slaying       Chrm           #.......     4%          2    ###....


Dungeon Overview and Level Annotations

Branches:
Dungeon (15/15)            Temple (1/1) D:6            Lair (8/8) D:11
 Shoals (4/4) Lair:6       Spider (4/4) Lair:6        Slime (6/6) Lair:8
    Orc (4/4) D:11            Elf (3/3) Orc:4        Vaults (5/5) D:13
  Crypt (0/3) Vaults:2     Depths (5/5) D:15            Zot (2/5) Depths:5

Altars:
Ashenzari
Cheibriados
Dithmenos
Elyvilon
Fedhas
Gozag
Kikubaaqudgha
Makhleb
Nemelex Xobeh
Okawaru
Qazlal
Ru
Sif Muna
Trog
Vehumet
Xom
Yredelemnul
Zin
The Shining One
Beogh
Lugonu

Shops:
D:11 :   Orc:4 **}!   Vaults:1 ?   Vaults:2 !:   Vaults:3 !   Vaults:4 =
Depths:3 }   Depths:5 :

Portals:
Hell: Lair:8 Depths:1 Depths:2 Depths:3 Depths:4 Depths:5
Abyss: Depths:1 Depths:4
Pandemonium: Depths:1 Depths:3

Annotations:
Slime:6 Royal Jelly
Elf:2 3 runed doors
Depths:3 !jug on this floor


Innate Abilities, Weirdness & Mutations

You are too large for most types of armour.
You have claws for hands.
Your metabolism is lightning-fast.
You like to eat raw meat.
Your magical capacity is very low (-20% MP).
You heal very quickly.
You are covered in fur (AC +1).
You have very tough skin (AC +2).
You are very weak. (Str -4)
You cannot drink potions while threatened.
You cannot read scrolls while threatened.
You cannot be stealthy.
You cannot study or cast Conjurations magic.
You cannot study or cast Ice magic.
You cannot study or cast Transmutations magic.
Your casting is slightly disrupted.
You are dopey. (Int -2)
Your spells are a little easier to cast, but a little less powerful.


Message History

You redirect the acid blob's attack!
The acid blob completely misses you. The death ooze hits you.
* * * LOW HITPOINT WARNING * * *
The death ooze completely misses you.
The azure jelly stops glowing.
You redirect the acid blob's attack!
The acid blob spits acid at you. The splash of acid hits you!
The acid corrodes you!
The acid burns!
You resist.
* * * LOW HITPOINT WARNING * * *
You focus your will and illuminate the acid blob in retribution!
The death ooze stops glowing.
You redirect the acid blob's attack!
There is a stone staircase leading up here.
The acid blob stops glowing.
You redirect the acid blob's attack!
The azure jelly hits you.
* * * LOW HITPOINT WARNING * * *
The azure jelly freezes you!!
You die...

###### ###....#####
##.....#....## ####
##............##
#..####...............
##...##........@........
##.............JJJJ.......
#............J.JJ.J........
..............J.JJ.........
.............J.JJ.J........
............J.J.JJ.........
.............JJ.J..........
...............JJJ.........
...........................


You could see the royal jelly, 5 acid blobs, 8 azure jellies, 2 large slime
creatures, 3 slime creatures, 5 death oozes and a jelly.

Vanquished Creatures
  Dissolution (Slime:2)
  A juggernaut (Depths:3)
  Margery (Vaults:5)
  Saint Roka (Orc:3)
  4 golden dragons
  Nikola (Shoals:1)
  A bone dragon (Zig:7)
  Arachne (Spider:2)
  7 liches
  Jorgrun (Vaults:1)
  Rupert (Lair:6)
  10 tentacled monstrosities
  A pandemonium lord (Depths:1)
  2 deep elf blademasters (Elf:3)
  3 titans (Vaults:5)
  6 quicksilver dragons (Vaults:5)
  2 deep elf master archers (Elf:3)
  5 acid blobs
  4 sphinxes
  A kraken (Shoals:4)
  A death cob (Zot:1)
  5 tentacled starspawn
  An octopode crusher (Depths:1)
  2 ancient champions
  Kirke (D:12)
  2 revenants (Zig:9)
  7 shadow dragons
  3 storm dragons
  6 tengu reavers
  2 draconian monks (Zot:1)
  The ghost of miek the Brawler, a journeyman TrMo of Makhleb (D:15)
  Ilsuiw (Shoals:4)
  6 azure jellies
  11 fire giants
  Donald (Shoals:3)
  A greater naga (Zig:5)
  6 ghost moths
  4 draconian scorchers
  A draconian knight (Zot:1)
  12 frost giants
  4 iron dragons
  Louise (Elf:3)
  6 deep elf sorcerers
  17 vault wardens
  A draconian shifter (Zot:1)
  3 emperor scorpions
  5 orc warlords
  A cacodemon (Depths:4)
  A draconian zealot (Abyss:1)
  A caustic shrike zombie (Depths:5)
  13 ironheart preservers
  3 war gargoyles (Vaults:5)
  18 very ugly things
  A balrug (Depths:1)
  The ghost of Guenter the Basher, a journeyman GrFi of Okawaru (Spider:4)
  A juggernaut skeleton (Depths:5)
  27 stone giants
  Nessos (Lair:7)
  10 deep elf demonologists
  6 black draconians
  A green draconian (Depths:5)
  4 salamander stormcallers
  11 deep elf annihilators
  2 yellow draconians
  3 vampire knights
  4 mottled draconians (Zot:1)
  2 white draconians
  The ghost of Haruko the Protected, a journeyman NaFi of Makhleb (Orc:4)
  An eidolon (Zig:9)
  3 purple draconians
  8 red draconians
  6 merfolk javelineers
  Snorg (D:13)
  7 deep elf death magi
  3 ettins
  A crystal guardian (Vaults:4)
  An ettin (shapeshifter) (Depths:4)
  38 vault guards
  15 yaktaur captains
  6 merfolk impalers
  3 deep elf high priests
  A minotaur (Lab)
  15 fire dragons
  9 great orbs of eyes
  Fannar (D:12)
  A spectral shadow dragon (Depths:5)
  3 naga warriors (Zig:5)
  10 entropy weavers
  An alligator snapping turtle (shapeshifter) (Zig:4)
  2 rakshasas
  2 death knights (Zig:9)
  10 ice dragons
  4 merfolk avatars
  A catoblepas (D:15)
  2 spriggan air magi
  A catoblepas (shapeshifter) (Depths:5)
  Erolcha (D:8)
  8 merfolk aquamancers
  4 dancing weapons (Vaults:5)
  16 hydras
  12 centaur warriors
  5 tengu warriors
  The ghost of edsrzf the Nimble, a journeyman DESk of Qazlal (Lair:1)
  22 ogre magi
  A vampire mage (Abyss:1)
  2 thrashing horrors (Abyss:1)
  2 orc high priests
  A titan zombie (Depths:5)
  3 satyrs
  2 shock serpents (Zig:5)
  2 sun demons
  5 deep troll earth magi
  Urug (Orc:2)
  A queen ant (Spider:3)
  3 hell hogs
  8 deep troll shamans
  2 spriggan berserkers
  2 spriggans (Depths:4)
  Sonja (D:12)
  Nergalle (Orc:2)
  7 iron trolls
  A soul eater (Depths:4)
  2 wretched stars
  21 deep elf knights
  2 salamander mystics (Depths:2)
  8 giant orange brains
  A shadow wraith (Vaults:1)
  4 skeletal warriors (Depths:5)
  12 large abominations
  11 sea snakes
  2 fire crabs
  20 deep trolls
  17 hell knights
  14 ironbrand convokers
  A spatial maelstrom (Abyss:1)
  2 death drakes
  A sea snake (shapeshifter) (Vaults:5)
  2 ice devils
  5 flayed ghosts
  A storm dragon skeleton (Depths:5)
  9 deep elf summoners
  3 unseen horrors
  15 starcursed masses
  2 tengu zombies
  A phantasmal warrior (Vaults:2)
  An obsidian statue (Zig:1)
  An anubis guard (shapeshifter) (Depths:3)
  A swamp dragon (Vaults:1)
  A golden dragon skeleton (Depths:5)
  8 hill giants
  11 deep elf conjurers
  2 wizards
  7 necromancers
  18 orc knights
  10 fauns
  3 sixfirhies
  11 orb spiders
  A fire giant zombie (Vaults:4)
  A sphinx zombie (Vaults:4)
  2 iron dragon zombies (Depths:5)
  18 harpies
  A shadow dragon skeleton (Depths:5)
  6 water nymphs
  14 elephants
  5 orc sorcerers
  A cyclops (shapeshifter) (Vaults:1)
  13 hornets
  8 manticores
  An octopode (shapeshifter) (Vaults:5)
  27 wolf spiders
  6 cyclopes
  20 griffons
  2 shining eyes
  9 salamanders (Depths:2)
  A frost giant zombie (Vaults:4)
  A worldbinder (Zig:7)
  A naga mage (Zig:5)
  53 ugly things
  Maurice (Orc:3)
  A rust devil (Depths:4)
  A spectral elf (Depths:5)
  An iron dragon skeleton (Depths:5)
  13 moths of wrath
  11 sirens
  The ghost of KINGKRU the Chopper, a novice HOFi of Yredelemnul (D:7)
  6 apocalypse crabs
  2 orange demons (Lair:8)
  2 torpor snails
  2 eyes of devastation
  16 vault sentinels
  An orange crystal statue (D:14)
  3 black mambas
  11 spiny frogs
  5 smoke demons
  8 gargoyles
  10 komodo dragons
  A human zombie (Vaults:3)
  62 yaktaurs
  5 kobold demonologists
  An efreet (D:14)
  12 demonic crawlers
  A human skeleton (Vaults:4)
  A komodo dragon (shapeshifter) (Depths:4)
  2 fire drakes
  3 red devils
  2 tengu conjurers
  A two-headed ogre (shapeshifter) (Vaults:3)
  2 hellwings
  A redback zombie (D:15)
  2 yaktaur skeletons (Vaults:4)
  7 trolls
  3 ancient zymes (Abyss:1)
  A jumping spider (shapeshifter) (Vaults:2)
  10 deep elf priests
  26 merfolk
  A polar bear (shapeshifter) (Depths:3)
  6 boulder beetles
  A queen bee (shapeshifter) (Vaults:4)
  A hydra skeleton (Abyss:1)
  6 blue devils
  26 jumping spiders
  2 wind drakes (shapeshifter)
  3 wind drakes (Shoals:4)
  43 two-headed ogres
  A fire dragon zombie (Abyss:1)
  6 raiju (Abyss:1)
  68 slime creatures
  4 human simulacra
  14 freezing wraiths
  12 blink frogs
  A fire giant simulacrum (Vaults:4)
  9 snapping turtles
  A raiju (shapeshifter) (Depths:4)
  3 air elementals
  2 redbacks (shapeshifter)
  5 ynoxinuls
  7 shadows
  A fire bat (shapeshifter) (Depths:3)
  21 trapdoor spiders
  2 vampires
  28 tarantellas
  A chaos spawn (Zig:4)
  24 deep elf magi
  17 water elementals
  30 deep elf fighters
  37 redbacks
  3 wraiths
  Eustachio (D:4)
  5 fire bats (Abyss:1)
  A golden eye (Zig:6)
  2 neqoxecs
  15 hippogriffs
  3 fire elementals (Depths:2)
  66 yaks
  A golden eye (shapeshifter) (Vaults:5)
  A steam dragon (Lair:6)
  5 wyverns
  A spatial vortex (Abyss:1)
  2 elf skeletons (Depths:5)
  15 vampire mosquitoes
  8 wargs
  A naga (Zig:5)
  7 wolves
  3 mottled dragons
  A hungry ghost (D:13)
  25 soldier ants (Spider:3)
  12 small abominations
  A yaktaur simulacrum (Vaults:3)
  10 hell hounds
  53 orc warriors
  20 spiders
  11 porcupines
  An eye of draining (Abyss:1)
  12 water moccasins
  7 boggarts
  3 necrophages
  6 ice beasts
  4 wasps
  2 elf zombies
  37 centaurs
  6 sky beasts
  74 ogres
  A black bear (D:6)
  16 crocodiles
  3 big kobolds
  20 giant frogs
  A brain worm (shapeshifter) (Depths:1)
  3 brain worms
  A deep troll simulacrum (Vaults:3)
  21 jellies
  6 scorpions
  20 wights
  An orc simulacrum (Vaults:1)
  16 killer bees
  5 hounds
  7 crimson imps
  2 quasits
  2 electric eels
  Crazy Yiuf (D:2)
  Ijyb (D:2)
  An iron imp (Abyss:1)
  43 orc wizards
  6 centaur zombies
  4 giant frog zombies
  34 orc priests
  12 centaur skeletons
  5 giant frog skeletons
  6 iguanas
  19 sheep
  26 worker ants
  3 killer bee zombies
  An ogre skeleton (Lab)
  11 adders
  3 worker ant zombies
  A gnoll (D:7)
  30 river rats
  4 shadow imps
  2 white imps (Abyss:1)
  An ufetubus (Abyss:1)
  7 oozes
  3 adder zombies
  An adder skeleton (D:9)
  6 giant geckos
  313 orcs
  A ball python (D:9)
  12 bats
  7 giant cockroaches
  10 goblins
  9 hobgoblins
  16 jackals
  20 kobolds
  4 quokkas
  10 giant newts
  A jackal skeleton (D:8)
  A quokka skeleton (D:5)
  11 rats
  4 crawling corpses
  2 fire vortices (Vaults:5)
  A fungus (Lair:7)
  A lurking horror (Abyss:1)
  3 plants
  6 starspawn tentacles
  3 tentacles (Shoals:4)
2805 creatures vanquished.

Vanquished Creatures (others)
  A juggernaut (Depths:3)
  A sphinx (Depths:3)
  A draconian knight (Zot:1)
  A deep elf demonologist (Elf:3)
  A yellow draconian (Zot:1)
  3 ettins
  A fire dragon (Depths:3)
  An alligator snapping turtle (Shoals:4)
  A dancing weapon (Vaults:5)
  A deep troll shaman (Depths:3)
  A soul eater (Zig:9)
  4 deep elf knights
  A deep troll (Depths:4)
  A harpy (Shoals:4)
  A deep elf conjurer (Vaults:5)
  3 ironbrand convokers
  A wolf spider (Spider:4)
  A griffon (Shoals:4)
  A moth of wrath (Zot:1)
  A hornet (Spider:4)
  A guardian serpent (Vaults:1)
  3 yaktaurs
  A large abomination (Abyss:1)
  2 two-headed ogres
  A freezing wraith (Vaults:5)
  A spriggan (shapeshifter) (Vaults:4)
  An ettin skeleton (Zig:3)
  A chaos spawn (Zig:10)
  A deep elf fighter (Vaults:5)
  A warg (Vaults:5)
  2 ogres
  A centaur (Vaults:3)
  A crocodile (shapeshifter) (Zig:10)
  An orc wizard (Vaults:1)
  An orc priest (Vaults:2)
  A giant frog skeleton (D:12)
  A worker ant (Spider:3)
  A sheep (Shoals:3)
  6 orcs
  27 fungi
  8 plants
  16 starspawn tentacles
  183 starspawn tentacle segments
  14 tentacles (Shoals:4)
  355 tentacle segments (Shoals:4)
658 creatures vanquished.

Grand Total: 3463 creatures vanquished

Notes
Turn   | Place    | Note
--------------------------------------------------------------
     0 | D:1      | Geeful the Troll Monk began the quest for the Orb.
     0 | D:1      | Reached XP level 1. HP: 22/22 MP: 0/0
    67 | D:1      | Reached XP level 2. HP: 26/29 MP: 1/1
   283 | D:1      | Found a shattered altar of Ashenzari.
   635 | D:2      | Reached XP level 3. HP: 34/36 MP: 2/2
   684 | D:2      | Noticed Ijyb
   694 | D:2      | Killed Ijyb
   694 | D:2      | Reached skill level 1 in Throwing
   787 | D:2      | Reached XP level 4. HP: 41/44 MP: 3/3
   838 | D:2      | Found a radiant altar of Vehumet.
  1056 | D:2      | Noticed Crazy Yiuf
  1062 | D:2      | Killed Crazy Yiuf
  1175 | D:2      | Gained mutation: You are resistant to hostile enchantments. [potion of beneficial mutation]
  1443 | D:3      | Reached XP level 5. HP: 53/53 MP: 4/4
  1714 | D:3      | Found a blossoming altar of Fedhas.
  2077 | D:4      | Noticed Eustachio
  2094 | D:4      | Killed Eustachio
  2094 | D:4      | Reached skill level 5 in Unarmed Combat
  2094 | D:4      | Reached XP level 6. HP: 61/61 MP: 5/5
  2267 | D:4      | Noticed an ogre
  2295 | D:4      | Killed an ogre
  2434 | D:4      | Found a white marble altar of Elyvilon.
  2434 | D:4      | Found a sacrificial altar of Ru.
  2434 | D:4      | Found a shattered altar of Ashenzari.
  2444 | D:4      | Found a bloodstained altar of Trog.
  2447 | D:4      | Found a burning altar of Makhleb.
  2920 | D:5      | Entered Level 5 of the Dungeon
  2963 | D:5      | Reached XP level 7. HP: 68/68 MP: 6/6
  3031 | D:5      | Found a sparkling altar of Nemelex Xobeh.
  3079 | D:5      | Found a white marble altar of Elyvilon.
  3663 | D:5      | Reached skill level 6 in Unarmed Combat
  3845 | D:6      | Reached XP level 8. HP: 77/79 MP: 7/7
  3969 | D:6      | Found a staircase to the Ecumenical Temple.
  3969 | D:6      | Found a shadowy altar of Dithmenos.
  3979 | Temple   | Entered the Ecumenical Temple
  4027 | Temple   | Upgraded the game from 0.17-a0-2118-g63bad21 to 0.17-a0-2122-g03d97ec
  4315 | D:6      | Reached skill level 5 in Dodging
  4340 | D:6      | Noticed a cyclops
  4453 | D:6      | Found a shimmering altar of Xom.
  4543 | D:6      | Reached skill level 5 in Fighting
  4896 | D:7      | Reached skill level 5 in Throwing
  4902 | D:7      | Noticed KINGKRU's ghost (novice HOFi)
  5186 | D:7      | Reached skill level 7 in Unarmed Combat
  5327 | D:7      | Reached XP level 9. HP: 88/88 MP: 8/8
  5839 | D:7      | Killed KINGKRU's ghost
  5916 | D:8      | Reached skill level 8 in Unarmed Combat
  6024 | D:8      | Noticed Erolcha
  6076 | D:8      | Killed Erolcha
  6076 | D:8      | Reached XP level 10. HP: 64/100 MP: 9/9
  6371 | D:8      | Found a stormy altar of Qazlal.
  6599 | D:9      | Killed an unseen horror
  6794 | D:9      | Reached skill level 9 in Unarmed Combat
  7392 | D:9      | Found a glowing silver altar of Zin.
  7392 | D:9      | Found an opulent altar of Gozag.
  7607 | D:10     | Entered Level 10 of the Dungeon
  8358 | D:10     | Reached XP level 11. HP: 96/109 MP: 10/10
  8747 | D:11     | Found a staircase to the Orcish Mines.
  8976 | D:11     | Found Ojecalap's Book Shoppe.
  9171 | D:11     | Killed an unseen horror
  9171 | D:11     | Reached skill level 10 in Unarmed Combat
  9246 | D:11     | Learned a level 2 spell: Repel Missiles
  9374 | D:11     | Noticed an ice devil
  9412 | D:11     | Noticed a hill giant
  9422 | D:11     | Killed a hill giant
  9476 | D:11     | Learned a level 1 spell: Summon Butterflies
  9478 | D:11     | Learned a level 1 spell: Apportation
  9481 | D:11     | Learned a level 2 spell: Blink
  9483 | D:11     | Learned a level 1 spell: Beastly Appendage
  9690 | D:11     | Noticed a hill giant
  9694 | D:11     | Killed a hill giant
  9739 | D:11     | Reached skill level 1 in Spellcasting
  9784 | D:11     | Noticed a hill giant
  9794 | D:11     | Killed a hill giant
  9863 | D:11     | Found a staircase to the Lair.
 10163 | D:11     | Killed an unseen horror
 10163 | D:11     | Reached XP level 12. HP: 73/122 MP: 13/13
 10228 | Lair:1   | Entered Level 1 of the Lair of Beasts
 10874 | Lair:1   | Noticed edsrzf's ghost (journeyman DESk)
 10884 | Lair:1   | Killed edsrzf's ghost
 11436 | Lair:2   | Found a labyrinth entrance.
 11454 | Lab      | Entered a labyrinth
 11809 | Lab      | Noticed a minotaur
 11821 | Lab      | Killed a minotaur
 12026 | Lair:2   | Reached skill level 11 in Unarmed Combat
 12456 | Lair:2   | Noticed a five-headed hydra
 12464 | Lair:2   | Killed a five-headed hydra
 12776 | Lair:3   | Found a dark tunnel.
 12831 | Volcano  | Entered a volcano
 12836 | Volcano  | Noticed a mottled draconian
 13297 | Lair:3   | Noticed a seven-headed hydra
 13301 | Lair:3   | Killed a seven-headed hydra
 13713 | Lair:4   | Noticed an eight-headed hydra
 13719 | Lair:4   | Killed an eight-headed hydra
 13821 | Lair:4   | Reached XP level 13. HP: 131/131 MP: 17/17
 13986 | Lair:4   | Gained mutation: You have large cloven feet. [potion of beneficial mutation]
 15571 | Lair:6   | Found a staircase to the Shoals.
 15762 | Lair:6   | Found a hole to the Spider Nest.
 15778 | Lair:6   | Reached skill level 10 in Throwing
 16091 | Lair:6   | Reached skill level 10 in Dodging
 16479 | Lair:7   | Noticed Rupert
 16529 | Lair:6   | Killed Rupert
 16653 | Lair:7   | Reached skill level 10 in Fighting
 16803 | Lair:7   | Noticed Nessos
 16813 | Lair:7   | Killed Nessos
 17108 | Lair:7   | Reached skill level 12 in Unarmed Combat
 17579 | Lair:8   | Entered Level 8 of the Lair of Beasts
 17925 | Lair:8   | Reached XP level 14. HP: 138/144 MP: 20/20
 17975 | Lair:8   | Found a staircase to the Slime Pits.
 18418 | Lair:8   | Reached skill level 5 in Spellcasting
 19345 | Lair:8   | Found a burning altar of Makhleb.
 19377 | Lair:8   | Found a gateway to Hell.
 19706 | Orc:1    | Entered Level 1 of the Orcish Mines
 20049 | Orc:1    | Found a roughly hewn altar of Beogh.
 20221 | Orc:2    | Found a radiant altar of Vehumet.
 20304 | Orc:2    | Noticed Nergalle
 20312 | Orc:2    | Killed Nergalle
 20618 | Orc:2    | You fall through a shaft!
 21268 | Orc:3    | Found a radiant altar of Vehumet.
 21459 | Orc:2    | Noticed Urug
 21471 | Orc:2    | Killed Urug
 22029 | Orc:4    | Entered Level 4 of the Orcish Mines
 22029 | Orc:4    | Found a staircase to the Elven Halls.
 22039 | Orc:4    | Noticed an orc warlord
 22069 | Orc:3    | Killed an orc warlord
 22455 | Orc:4    | Reached skill level 13 in Unarmed Combat
 22575 | Orc:4    | Reached skill level 1 in Armour
 22804 | Orc:4    | Noticed Maurice
 22807 | Orc:4    | Reached XP level 15. HP: 97/153 MP: 22/22
 22859 | Orc:4    | Noticed Saint Roka
 22866 | Orc:3    | Killed Maurice
 23302 | Orc:3    | Killed Saint Roka
 23593 | Orc:4    | Found Agaor's Assorted Antiques.
 23593 | Orc:4    | Found Saebb's General Store.
 23607 | Orc:4    | Found Vutijo's Distillery.
 23607 | Orc:4    | Found Ruerionn's Gadget Shop.
 23629 | Orc:4    | Bought a scroll of magic mapping for 101 gold pieces
 23629 | Orc:4    | Bought a potion of might for 116 gold pieces
 23690 | Orc:4    | Noticed Haruko's ghost (journeyman NaFi)
 23756 | Orc:4    | Killed Haruko's ghost
 24474 | Slime:1  | Entered Level 1 of the Pits of Slime
 24963 | D:12     | Found a roughly hewn altar of Beogh.
 25423 | D:12     | Noticed Kirke
 25427 | D:12     | Killed Kirke
 25517 | D:12     | Noticed Fannar
 25529 | D:12     | Killed Fannar
 26037 | D:12     | Noticed Sonja
 26044 | D:12     | Killed Sonja
 26820 | D:13     | Noticed Snorg
 26827 | D:13     | Killed Snorg
 26929 | D:13     | Found a gate to the Vaults.
 27162 | D:13     | Found a shadowy altar of Dithmenos.
 27487 | D:14     | Reached skill level 14 in Unarmed Combat
 27615 | D:14     | Found a gateway to a bazaar.
 27634 | Bazaar   | Entered a bazaar
 27642 | Bazaar   | Found Wajeteol's Jewellery Shop.
 27671 | Bazaar   | Found Wosezxel's Antique Armour Shop.
 27679 | Bazaar   | Bought a runed cloak for 126 gold pieces
 27705 | Bazaar   | Bought a +5 ring of evasion for 550 gold pieces
 27741 | D:14     | Found a sacrificial altar of Ru.
 28351 | D:14     | Learned a level 2 spell: Shroud of Golubria
 28354 | D:14     | Learned a level 2 spell: Song of Slaying
 28409 | D:14     | Reached XP level 16. HP: 142/164 MP: 23/23
 28578 | D:15     | Entered Level 15 of the Dungeon
 28832 | D:15     | Noticed miek's ghost (journeyman TrMo)
 28842 | D:15     | Killed miek's ghost
 28961 | D:15     | Found a staircase to the Depths.
 29255 | D:15     | Reached skill level 15 in Unarmed Combat
 29799 | D:14     | Became a worshipper of Ru the Awakened
 30141 | Spider:1 | Entered Level 1 of the Spider Nest
 30877 | Spider:2 | Noticed Arachne
 30942 | Spider:2 | Killed Arachne
 31841 | Spider:2 | Reached skill level 16 in Unarmed Combat
 32365 | D:14     | Gained mutation: You cannot be stealthy. [Ru sacrifice]
 32378 | D:14     | Upgraded the game from 0.17-a0-2122-g03d97ec to 0.17-a0-2127-g1cb09f6
 32683 | Shoals:1 | Entered Level 1 of the Shoals
 33199 | Shoals:1 | Noticed Nikola
 33313 | Shoals:1 | Killed Nikola
 33313 | Shoals:1 | Reached XP level 17. HP: 175/175 MP: 24/24
 33945 | Shoals:2 | HP: 5/175 [satyr/arrow (29)]
 34895 | Shoals:2 | Gained mutation: You cannot read scrolls while threatened. [Ru sacrifice]
 34895 | Shoals:2 | Reached * piety under Ru
 34895 | Shoals:2 | Reached ** piety under Ru
 35894 | Shoals:3 | Reached skill level 17 in Unarmed Combat
 35921 | Shoals:3 | Noticed Donald
 35947 | Shoals:3 | Killed Donald
 36814 | Shoals:4 | Entered Level 4 of the Shoals
 37496 | Shoals:4 | Noticed Ilsuiw
 37571 | Shoals:4 | Killed Ilsuiw
 37802 | Shoals:4 | Gained mutation: You cannot study or cast Ice magic. [Ru sacrifice]
 37802 | Shoals:4 | Gained mutation: You cannot study or cast Transmutations magic. [Ru sacrifice]
 37802 | Shoals:4 | Gained mutation: You cannot study or cast Conjurations magic. [Ru sacrifice]
 37802 | Shoals:4 | Reached *** piety under Ru
 37853 | Shoals:4 | Reached XP level 18. HP: 105/188 MP: 25/25
 37861 | Shoals:4 | Reached skill level 18 in Unarmed Combat
 38530 | Depths:1 | Entered Level 1 of the Depths
 38707 | Depths:1 | Reached XP level 19. HP: 189/196 MP: 26/26
 38862 | Depths:1 | Found a one-way gate to the infinite horrors of the Abyss.
 39113 | Depths:1 | Identified a scroll of acquirement
 39304 | Depths:1 | Found a one-way gate leading to the halls of Pandemonium.
 39577 | Depths:1 | Found a gateway to a ziggurat.
 40585 | Depths:2 | Identified the Collected Works on Virous Transformation
 41062 | Depths:2 | Gained mutation: You are weak. (Str -2) [Ru sacrifice]
 41195 | Depths:2 | Reached skill level 19 in Unarmed Combat
 43102 | Depths:3 | Noticed a juggernaut
 43284 | Depths:3 | Found Daowupn's Gadget Emporium.
 43446 | Depths:3 | Reached XP level 20. HP: 208/208 MP: 27/27
 43455 | Depths:3 | Gained mutation: You cannot drink potions while threatened. [Ru sacrifice]
 43455 | Depths:3 | Reached **** piety under Ru
 43455 | Depths:3 | Reached ***** piety under Ru
 44009 | Depths:3 | Noticed a lich
 44016 | Depths:3 | Killed a lich
 44298 | Depths:3 | Noticed a golden dragon
 44306 | Depths:3 | Killed a golden dragon
 44532 | Depths:3 | Identified a +4 rod of destruction (11/11) (You found it on level 3 of the Depths)
 44602 | Depths:3 | Noticed a juggernaut
 44635 | Depths:3 | Killed a juggernaut
 44635 | Depths:3 | Reached skill level 20 in Unarmed Combat
 45125 | Depths:3 | Upgraded the game from 0.17-a0-2127-g1cb09f6 to 0.17-a0-2134-g56a2587
 45188 | Depths:4 | Reached skill level 15 in Dodging
 45320 | Depths:4 | Noticed a golden dragon
 45329 | Depths:4 | Killed a golden dragon
 45640 | Depths:4 | Gained mutation: You tend to lose your temper in combat. [a cacodemon]
 45997 | D:13     | Gained mutation: Your flesh is cold resistant. [mutagenic meat]
 46108 | Orc:4    | Bought a potion of mutation for 37 gold pieces
 46108 | Orc:4    | Gained mutation: You are frail (-10% HP). [potion of mutation]
 46108 | Orc:4    | Gained mutation: You are dopey. (Int -2) [potion of mutation]
 46108 | Orc:4    | Gained mutation: You are very dopey. (Int -4) [potion of mutation]
 46109 | Orc:4    | Lost mutation: You are frail (-10% HP). [potion of cure mutation]
 46109 | Orc:4    | Lost mutation: You have large cloven feet. [potion of cure mutation]
 46109 | Orc:4    | Lost mutation: Your flesh is cold resistant. [potion of cure mutation]
 46109 | Orc:4    | Lost mutation: You are very dopey. (Int -4) [potion of cure mutation]
 46109 | Orc:4    | Lost mutation: You tend to lose your temper in combat. [potion of cure mutation]
 46111 | Orc:4    | Lost mutation: You are dopey. (Int -2) [potion of cure mutation]
 46111 | Orc:4    | Lost mutation: You are resistant to hostile enchantments. [potion of cure mutation]
 46744 | Depths:4 | Got a brightly glowing robe
 46755 | Depths:4 | Identified the cursed +0 robe "Onaese" {*Confuse rF++ Str+4 Dex+3} (You found it on level 4 of the Depths)
 47201 | Depths:4 | Reached skill level 15 in Fighting
 47272 | Depths:4 | Found a glowing golden altar of the Shining One.
 47353 | Depths:4 | Reached XP level 21. HP: 123/218 MP: 28/28
 47906 | Elf:1    | Entered Level 1 of the Elven Halls
 49117 | Elf:1    | Gained mutation: Your casting is slightly disrupted. [Ru sacrifice]
 49289 | Elf:2    | Found a runed gate.
 49289 | Elf:2    | Found a runed gate.
 49290 | Elf:2    | Found a runed gate.
 49610 | Elf:3    | Entered Level 3 of the Elven Halls
 49932 | Elf:3    | Reached skill level 21 in Unarmed Combat
 50793 | Elf:3    | Got a slimy tin amulet
 50824 | Elf:3    | Identified the amulet of the Solstice {Spirit rElec rF+ MR+} (You took it off a deep elf knight on level 3 of the Elven Halls)
 51041 | Elf:3    | Noticed Louise
 51048 | Elf:3    | Cast into the Abyss (a deep elf sorcerer)
 51228 | Abyss:1  | Gained mutation: You are very weak. (Str -4) [Ru sacrifice]
 51900 | Abyss:1  | Paralysed by accursed screaming for 1 turns
 51945 | Abyss:1  | Gained mutation: Your magical capacity is low (-10% MP). [Ru sacrifice]
 52208 | Elf:3    | Escaped the Abyss
 52257 | Elf:3    | Killed Louise
 52354 | Elf:3    | Identified the Papyrus of Toxins (You found it on level 3 of the Elven Halls)
 52378 | Elf:3    | Identified the Almanac of the Glacier and Black Magic (You found it on level 3 of the Elven Halls)
 52415 | Elf:3    | Reached XP level 22. HP: 122/228 MP: 26/26
 53359 | Shoals:4 | Identified the Volume of Lethal Heat
 53401 | Shoals:4 | Gained mutation: Your mind is acute. (Int +2) [potion of beneficial mutation]
 53644 | Shoals:4 | Got a barnacled rune of Zot
 54305 | Spider:3 | Reached skill level 22 in Unarmed Combat
 55026 | Spider:4 | Entered Level 4 of the Spider Nest
 55663 | Spider:4 | Noticed Guenter's ghost (journeyman GrFi)
 55686 | Spider:4 | Killed Guenter's ghost
 56174 | Spider:4 | Got a gossamer rune of Zot
 56797 | Vaults:1 | Entered Level 1 of the Vaults
 56797 | Vaults:1 | Found Qahuefui's Magic Scroll Boutique.
 56801 | Vaults:1 | Bought a scroll of identify for 42 gold pieces
 56801 | Vaults:1 | Bought a scroll of identify for 42 gold pieces
 56801 | Vaults:1 | Bought a scroll of magic mapping for 73 gold pieces
 56801 | Vaults:1 | Bought a scroll of magic mapping for 73 gold pieces
 56801 | Vaults:1 | Bought a scroll of identify for 42 gold pieces
 56801 | Vaults:1 | Bought a scroll of identify for 42 gold pieces
 56857 | Vaults:1 | Noticed Jorgrun
 56863 | Vaults:1 | Killed Jorgrun
 57326 | Vaults:1 | Reached skill level 15 in Throwing
 57993 | Vaults:1 | Got a scorched cloak
 58004 | Vaults:1 | Identified the +1 cloak "Fabiph" {Int+2} (You acquired it on level 1 of the Vaults)
 58368 | Vaults:1 | Found a deep blue altar of Sif Muna.
 58774 | Vaults:1 | Identified the Guide on Boosts and Battle Magic (You found it on level 1 of the Vaults)
 58889 | Vaults:2 | Reached XP level 23. HP: 239/239 MP: 27/27
 58893 | Vaults:2 | Cast into the Abyss (an ogre mage)
 58893 | Abyss:1  | Found a corrupted altar of Lugonu.
 58924 | Vaults:2 | Escaped the Abyss
 59537 | Vaults:2 | Found a staircase to the Crypt.
 59537 | Vaults:2 | Found an ancient bone altar of Kikubaaqudgha.
 59541 | Vaults:2 | Found a basalt altar of Yredelemnul.
 59599 | Vaults:2 | Found Adisanti's Distillery.
 59743 | Vaults:2 | Got a pitted jade amulet
 59757 | Vaults:2 | Identified the amulet "Rimm" {Spirit rC+ Int+3} (You took it off a yaktaur captain on level 2 of the Vaults)
 60392 | Vaults:2 | Found Lituss's Book Shoppe.
 60407 | Vaults:2 | Reached skill level 23 in Unarmed Combat
 60749 | Vaults:2 | Found a shimmering altar of Xom.
 60888 | Vaults:2 | Bought a potion of experience for 1000 gold pieces
 60888 | Vaults:2 | Bought a potion of haste for 200 gold pieces
 60888 | Vaults:2 | Bought 2 potions of curing for 120 gold pieces
 60888 | Vaults:2 | Reached XP level 24. HP: 250/250 MP: 27/27
 61073 | Vaults:3 | Found Veyjongo's Distillery.
 62353 | Vaults:4 | Found Yrref's Jewellery Shop.
 62361 | Vaults:4 | Bought the ring "Tigoty" {rPois rN+ MR+ AC+5 Dex+5} for 1643 gold pieces
 64050 | Depths:4 | Found a corrupted altar of Lugonu.
 64240 | Depths:5 | Entered Level 5 of the Depths
 64249 | Depths:5 | Found Wekkuvvuatt's Book Shoppe.
 64705 | Depths:5 | Reached XP level 25. HP: 252/261 MP: 27/27
 65223 | Depths:5 | Found a gate to the Realm of Zot.
 65537 | Depths:5 | Identified Itasag's Guide on Evil
 65790 | Depths:4 | Reached skill level 1 in Charms
 65835 | Depths:3 | Killed a juggernaut
 66494 | Vaults:5 | Entered Level 5 of the Vaults
 66574 | Vaults:5 | Noticed Margery
 67229 | Vaults:5 | Reached skill level 24 in Unarmed Combat
 67755 | Vaults:5 | Reached XP level 26. HP: 262/274 MP: 27/27
 67966 | Vaults:5 | Reached skill level 5 in Charms
 68062 | Vaults:5 | Got a glittering jade amulet
 68607 | Vaults:5 | Got a silver rune of Zot
 68660 | Vaults:5 | Killed Margery
 69792 | Zot:1    | Entered Level 1 of the Realm of Zot
 70105 | Zot:1    | Reached skill level 5 in Armour
 70329 | Zot:1    | You fall through a shaft!
 70374 | Zot:1    | Noticed an orb of fire
 70509 | Zot:1    | Noticed an orb of fire
 70569 | Zot:1    | Gained mutation: You are clumsy. (Dex -2) [an orb of fire]
 70688 | Depths:5 | Identified the amulet "Hisko" {rCorr *Drain rF+ rN+ MR+} (You took it off a deep elf annihilator on level 5 of the Vaults)
 70689 | Depths:5 | Upgraded the game from 0.17-a0-2134-g56a2587 to 0.17-a0-2147-gfb20a63
 70907 | Zig:1    | Entered Level 1 of a ziggurat
 70952 | Zig:2    | Entered Level 2 of a ziggurat
 71008 | Zig:2    | Upgraded the game from 0.17-a0-2147-gfb20a63 to 0.17-a0-2148-g9c1f372
 71024 | Zig:3    | Entered Level 3 of a ziggurat
 71058 | Zig:3    | Got a shimmering pearl dragon armour
 71071 | Zig:3    | Reached XP level 27. HP: 284/284 MP: 27/27
 71073 | Zig:3    | Identified the +4 pearl dragon armour "Tyiluqal" {rN+ Dex+3} (You found it on level 3 of a ziggurat)
 71084 | Zig:4    | Entered Level 4 of a ziggurat
 71205 | Zig:5    | Entered Level 5 of a ziggurat
 71308 | Zig:6    | Entered Level 6 of a ziggurat
 71374 | Zig:6    | Got a fine lead ring
 71378 | Zig:6    | Identified the ring of the Burgomaster {+Blink MR++ MP+9 Str+2 Int-4} (You found it on level 6 of a ziggurat)
 71389 | Zig:6    | Lost mutation: You are clumsy. (Dex -2) [potion of cure mutation]
 71389 | Zig:6    | Lost mutation: Your mind is acute. (Int +2) [potion of cure mutation]
 71439 | Zig:7    | Entered Level 7 of a ziggurat
 71485 | Zig:7    | Gained mutation: Your magical capacity is extremely low (-30% MP). [a neqoxec]
 71505 | Zig:7    | Got a smoking granite ring
 71523 | Zig:7    | Identified the ring "Arugikk" {MR+ Int+4} (You found it on level 7 of a ziggurat)
 71566 | Zig:8    | Entered Level 8 of a ziggurat
 71802 | Zig:9    | Entered Level 9 of a ziggurat
 71989 | Zig:10   | Entered Level 10 of a ziggurat
 72001 | Zig:10   | Noticed Uvuugur the pandemonium lord
 72006 | Zig:10   | Noticed Baeceetz the pandemonium lord
 72007 | Zig:10   | Noticed Befip the pandemonium lord
 72020 | Zig:10   | Paralysed by a gelid chaos champion for 3 turns
 72036 | Depths:1 | Killed Uvuugur the pandemonium lord
 72752 | Slime:1  | Gained mutation: You are dopey. (Int -2) [a shining eye]
 72784 | Slime:2  | Noticed Dissolution
 72791 | Slime:2  | Killed Dissolution
 72794 | Slime:2  | Gained mutation: Your spells are a little easier to cast, but a little less powerful. [a shining eye]
 72859 | Slime:2  | Reached skill level 25 in Unarmed Combat
 73069 | Slime:6  | Entered Level 6 of the Pits of Slime
 73183 | Slime:6  | Noticed the royal jelly
 73202 | Slime:6  | HP: 14/287 [azure jelly[the royal jelly] (16)]
 73208 | Slime:6  | HP: 14/287 [death ooze[the royal jelly] (2)]
 73212 | Slime:6  | Demolished by an azure jelly

Vault maps used:
D:1:      dpeg_arrival_orchard, serial_park_tiny_1, minmay_misc_feat_hallway,
          serial_park_tiny_2, ashenzari_altar_1
D:2:      overflow_temple_1_default, minmay_misc_feat_five,
          grunt_decor_mini_mirrors, uniq_iyjb, uniq_crazy_yiuf_cottage
D:3:      fedhas_altar_3
D:4:      minmay_overflow_temple_star_hex, minmay_crystal_room, uniq_eustachio
D:5:      first_bread, basic_altar, grunt_ministairs_7,
          nemelex_lonely_heart_becter
D:6:      minitemple, minmay_temple_entry_mist, lightli_corner_chamber
D:8:      nicolae_qazlal_general_emergency, uniq_erolcha
D:9:      grunt_temple_overflow_gold_and_silver, serial_co_window_serial,
          co_window_paths_b, co_window_of_opportunity_a, co_window_corner_a,
          co_window_corner_a, co_window_cross_1, co_window_corner_a,
          co_window_paths_a, co_window_paths_c, co_window_corner_b,
          co_window_corner_b, co_window_broadway_a, co_window_paths_c,
          co_window_4corner_b, glass_columns_a, glass_columns_a,
          glass_columns_a, glass_columns_a, hangedman_little_slice_of_home
D:11:     grunt_lair_entry_elf_guard_hut, david_orc_3, serial_shops, shop
D:12:     special_room, uniq_fannar, uniq_sonja, uniq_kirke
D:13:     david_vaults_5, st_stairs_13, nicolae_dithmenos_shadow_blocks,
          uniq_snorg
D:14:     serial_shops, statue_bzr, hangedman_ru_absence
D:15:     grunt_enter_depths_snipers, hangedman_decor_riveting
Temple:   temple_eino_lava_8
Lair:2:   lab_entry_generic
Lair:3:   lightli_volcano_entry_magma_tube, lemuel_fruit_fields
Lair:4:   wad_woods_river_01
Lair:5:   lemuel_fruit_fields
Lair:6:   shoals_dummy_entry, spider_nest_entry_web_field
Lair:7:   beast_lair_carwin_7, uniq_nessos, uniq_rupert
Lair:8:   evil_forest, minmay_slime_entry_pillars, grunt_megastairs_4,
          serial_bayou_shore_b
Shoals:1: nicolae_shoals_dead_sea_scrolls, uniq_nikola
Shoals:2: nicolae_shoals_square_sea_wall
Shoals:3: uniq_donald
Shoals:4: shoals_end_hangedman, shoals_ilsuiw_ice
Spider:2: spider_trap, uniq_arachne
Spider:3: minivault_29
Spider:4: guppyfry_spider_rune, guppyfry_spider_mini_2
Slime:1:  cheibrodos_slime_lost_civilization_2, nicolae_slime_phagocytosis
Slime:2:  dissolution_awaits
Slime:5:  nicolae_slime_welcoming_committee
Orc:1:    cheibrodos_orc_bank, basic_altar
Orc:2:    basic_altar, mines2_lemuel, uniq_urug, uniq_nergalle
Orc:3:    basic_altar, special_room, nicolae_orc_pool_cavern
Orc:4:    st_orc_ogre_mass, uniq_maurice, uniq_saint_roka
Elf:1:    minmay_elf_arrival_summoners, minmay_elf_crystal_hexagon,
          grunt_megastairs_1
Elf:3:    grunt_elf_hall_spiral, spider_trap, uniq_louise
Vaults:1: st_greater_box_3, hangedman_vaults_pinch,
          nicolae_vaults_disjoint_gnomons, grunt_vaults_funnel,
          ontoclasm_vaults_hangar, nicolae_vaults_border_crossing, v_misc_17,
          v_misc_2, vaults_room_corners, nicolae_vaults_gold_heap,
          grunt_vaults_hallway_short, serial_shops, shop, basic_altar,
          uniq_jorgrun
Vaults:2: grunt_vaults_focal, vaults_mumra_minichess, hangedman_vaults_impose,
          ontoclasm_vaults_gateway, minmay_crypt_entry_necro_gods,
          hangedman_vaults_nails, v_misc_13,
          hangedman_vaults_stretched_pinwheel, hangedman_vaults_restitches,
          v_alt_pattern_2, nicolae_vaults_angled_halls,
          vaults_room_hangedman_quadrants, basic_altar, serial_shops, shop,
          nicolae_shop_waterfront
Vaults:3: ontoclasm_vaults_ring_small, vaults_standard_mumra_x, v_rooms_1,
          hangedman_vaults_stretched_pinwheel, dpeg_vaults_monster_row,
          ontoclasm_vaults_pinch, v_rooms_4, hangedman_vaults_locks,
          ontoclasm_vaults_ring_square, serial_shops, shop
Vaults:4: vaults_room_door_hall, nicolae_vaults_circle_grid_b, vaults_mumra_lcd,
          hangedman_vaults_corner, nicolae_vaults_murderbox,
          hangedman_vaults_snaps, serial_ice_b, hangedman_vaults_trim, v_misc_3,
          v_misc_22, v_misc_5, vaults_room_hallway, nicolae_vaults_little_ls,
          ontoclasm_vaults_ring_square, ontoclasm_vaults_ring_square,
          serial_shops, shop
Vaults:5: uniq_margery
Depths:1: enter_ziggurat_b, grunt_hell_horde, rand_demon_pan_entry_9,
          abyss_entry, grunt_decor_fettered, st_stairs_12,
          serial_sigils_hangedman_gnaw, spider_trap, eino_tiny_chamber,
          minmay_misc_feat_encased, hangedman_decor_slide_cut,
          kennysheep_crisscross, serial_sigils_hangedman_gut,
          serial_bayou_pond_d, kennysheep_generic_room_16
Depths:2: cheibrodos_lost_city_excavation, pf_vacation_house_of_asmodeus,
          kennysheep_boxes, nicolae_benzene_ring, minmay_orc_keep,
          minmay_staircase_statues_hall_small, firewood_loft
Depths:3: grunt_arcs, serial_shops, shop, pan_entry,
          minmay_misc_feat_four_crosses, hangedman_coc_ice_floe,
          infiniplex_staircase_x
Depths:4: kennysheep_demon_jail, abyss_entry_flame_altar,
          grunt_hell_entry_dis_grunt, tso_metal_star, basic_stair_grate_trap,
          minmay_staircase_windowed_small
Depths:5: grunt_zot_entry_pinwheel, hell_entry, special_room, serial_shops,
          nicolae_shop_window_shopping, nicolae_sextant, serial_bayou_shore_a
Zot:1:    grunt_zot_stairs_mandelzot
Zig:4:    ziggurat_pillar_centre_c
Lab:      labyrinth_mini_lab, nicolae_lab_very_dead_end, nicolae_lab_swirl,
          labyrinth_skeletal_remains, labyrinth_lava_lair, nicolae_lab_grate_2,
          nicolae_lab_x
Bazaar:   bazaar_jpeg_cross
Volcano:  volcano_caves

Action                   |  1- 3 |  4- 6 |  7- 9 | 10-12 | 13-15 | 16-18 | 19-21 | 22-24 | 25-27 || total
-------------------------+-------+-------+-------+-------+-------+-------+-------+-------+-------++-------
Melee: Unarmed           |    75 |   109 |   382 |   687 |  1554 |   962 |  1712 |  1724 |  1414 ||  8619
 Fire: Blowgun           |       |     7 |    39 |    23 |    29 |    51 |       |       |       ||   149
Throw: Large rock        |       |       |       |    25 |    25 |    34 |    69 |     6 |     4 ||   163
       Tomahawk          |       |       |       |     2 |    14 |       |       |       |       ||    16
       Javelin           |       |       |       |       |    22 |    21 |       |       |       ||    43
 Cast: Repel Missiles    |       |       |       |     2 |     4 |    13 |    20 |    13 |    15 ||    67
       Apportation       |       |       |       |     1 |       |     7 |       |       |       ||     8
       Song of Slaying   |       |       |       |       |     1 |       |       |       |     8 ||     9
Invok: Sacrifice Stealth |       |       |       |       |       |     1 |       |       |       ||     1
       Sacrifice Words   |       |       |       |       |       |     1 |       |       |       ||     1
       Sacrifice Arcana  |       |       |       |       |       |     1 |       |       |       ||     1
       Sacrifice Purity  |       |       |       |       |       |       |     2 |       |       ||     2
       Power Leap        |       |       |       |       |       |       |     1 |     1 |     2 ||     4
       Sacrifice Drink   |       |       |       |       |       |       |     1 |       |       ||     1
       Sacrifice Essence |       |       |       |       |       |       |     2 |       |       ||     2
       Reject Sacrifices |       |       |       |       |       |       |       |     1 |       ||     1
       Apocalypse        |       |       |       |       |       |       |       |       |     1 ||     1
 Abil: Evoke Flight      |       |       |       |       |       |       |     1 |       |     2 ||     3
Evoke: Wand              |       |       |       |     3 |    31 |     7 |     3 |     3 |     7 ||    54
       Deck              |       |       |       |       |     9 |     4 |       |       |     2 ||    15
  Use: Scroll            |     2 |       |     7 |    17 |    14 |    10 |    17 |     8 |    10 ||    85
       Potion            |       |     4 |     5 |       |     9 |     7 |     7 |     4 |    14 ||    50
 Stab: Sleeping          |     1 |     6 |    13 |    12 |     8 |     4 |       |       |       ||    44
       Distracted        |       |       |     1 |       |     3 |     1 |     6 |    10 |     5 ||    26
       Confused          |       |       |       |       |     2 |       |       |       |       ||     2
       Invisible         |       |       |       |       |       |       |    16 |    13 |    13 ||    42
       Paralysed         |       |       |       |       |       |       |     2 |    10 |    12 ||    24
       Held in net/web   |       |       |       |       |       |       |       |     1 |       ||     1
  Eat: Chunk             |    13 |    14 |    33 |    78 |   146 |   104 |   130 |   118 |    68 ||   704
       Pizza             |       |       |       |       |       |     2 |     1 |     1 |     5 ||     9
       Beef jerky        |       |       |       |       |       |     2 |     5 |     1 |       ||     8
       Meat ration       |       |       |       |       |       |       |       |       |     1 ||     1
